 Dungeon Crawl Stone Soup version 0.31.0-12-g77e489cdc1 (webtiles) character file.

Game seed: 13131293894610531198

238 ika404 the Cutter (level 5, -2/35 HPs)
             Began as a Vampire Enchanter on Mar 4, 2024.
             Slain by Duvessa
             ... wielding a +0 short sword
              (7 damage)
             ... on level 4 of the Dungeon.
             The game lasted 00:15:12 (3044 turns).

ika404 the Cutter (Vampire Enchanter)               Turns: 3044, Time: 00:15:12

Health: -2/35      AC:  3    Str:  7    XL:     5   Next: 78%
Magic:  2/8        EV: 12    Int: 26    God:
Gold:   716        SH:  0    Dex: 14    Spells: 3/8 levels left

rFire   + . .        j - +3 dagger (drain)
rCold   . . .        (no shield)
rNeg    . . .        k - +1 robe {rF+}
rPois   .            (no helmet)
rElec   .            (no cloak)
rCorr   .            (no gloves)
SInv    +            (no boots)
Will    .....        (no amulet)
Stlth   +            g - +6 ring of intelligence
HPRegen 0.45/turn    (no ring)
MPRegen 0.11/turn

%: no passive effects
@: lit by a corona, healing quickly, glowing
A: alive, fangs 3, see invisible, vampiric 2
a: Exsanguinate


You were on level 4 of the Dungeon.
You visited 1 branch of the dungeon, and saw 4 of its levels.

You collected 716 gold pieces.

Inventory:

Hand Weapons
 a - the +8 flail of Kuyruf {spect, rPois rF+ Dex+3}
   (You found it on level 3 of the Dungeon)

   Dex+3:     It affects your dexterity (+3).
   rF+:       It protects you from fire.
   rPois:     It protects you from poison
 j - a +3 dagger of draining (weapon)
Missiles
 m - 2 throwing nets (quivered)
Armour
 k - a +1 robe of fire resistance (worn)
Jewellery
 g - a +6 ring of intelligence (left hand)
Scrolls
 i - a scroll of teleportation
Potions
 b - 2 potions of enlightenment {unknown}
 c - 2 potions of invisibility
 d - a potion of might
 e - 3 potions of heal wounds
 f - 4 potions of curing {unknown}
 h - a potion of haste {unknown}
 l - a potion of ambrosia {unknown}


   Skills:
 * Level 6.4 Short Blades
 - Level 2.1 Dodging
 - Level 4.4 Stealth
 - Level 2.0 Spellcasting
 - Level 4.4 Hexes


You had 3 spell levels left.
You knew the following spells:

 Your Spells              Type           Power      Damage    Failure   Level
a - Ensorcelled Hibernat  Hex/Ice        28%        N/A       6%          2
b - Confusing Touch       Hex            25%        N/A       5%          3

Your spell library contained the following spells:

 Spells                   Type           Power      Damage    Failure   Level
 Tukima's Dance           Hex            25%        N/A       5%          3
 Dazzling Flash           Conj/Hex       28%        N/A       13%         3


Dungeon Overview and Level Annotations

Branches:
Dungeon (4/15)
 Temple: D:4-7

Altars:
Qazlal
Sif Muna

Annotations:
D:3 Jessica
D:4 Duvessa


Innate Abilities, Weirdness & Mutations

Your natural rate of healing is accelerated.
You have razor-sharp teeth.
You have supernaturally acute eyesight. (SInv)
You are afflicted with vampirism and can become a bat while bloodless.


Message History

Dowan is severely wounded.
Dowan hits you with a +0 dagger.
You catch the helpless Dowan completely off-guard!
You impale Dowan!!
You kill Dowan!
Duvessa screams, "No!
How DARE you!"
Duvessa goes berserk!
Your Short Blades skill increases to level 6!
Things that are here:
a +0 dagger; a +0 robe; the elf corpse of Dowan You completely miss Duvessa.
Duvessa seems less confused.
Duvessa closely misses you.
You hit Duvessa. You drain Duvessa. Your bite misses Duvessa.
Duvessa is lightly wounded.
Duvessa hits you with a +0 short sword!
You barely miss Duvessa. Your bite misses Duvessa.
Duvessa is lightly wounded.
Duvessa hits you with a +0 short sword.
You barely miss Duvessa.
Duvessa is lightly wounded.
Duvessa hits you with a +0 short sword!
* * * LOW HITPOINT WARNING * * *
Casting: Confusing Touch (dangerous; 5% risk of failure)
Confirm with . or Enter, or press ? or * to list all spells.
Your hands begin to glow red.
Duvessa closely misses you.
You hit Duvessa but do no damage.
Duvessa appears confused.
Duvessa is lightly wounded.
You barely miss Duvessa.
Duvessa is lightly wounded.
Duvessa closely misses you.
You hit Duvessa but do no damage.
Duvessa is lightly wounded.
You hit Duvessa. You drain Duvessa.
Duvessa is moderately wounded.
Duvessa hits you with a +0 short sword.
* * * LOW HITPOINT WARNING * * *
You hit Duvessa.
Duvessa is heavily wounded.
Duvessa hits you with a +0 short sword!
You die...

.........#....#...# ....
........#######...# ..#
........##...##...##..#####
.............#.............
.............#.............
.............#.............
.............†.............
.............#).:..........
.............#..@..........
........##...###e....###...
#+###...##...###.....# ##
#................#
#.................'.
#..........<......#..
.l##....####...### #K...
...# .......


You could see Duvessa (berserk, confused, very drained).

Vanquished Creatures
  Dowan (D:4)
  A bombardier beetle (D:4)
  7 adders
  2 dart slugs (D:2)
  4 ribbon worms
  4 orcs
  8 ball pythons
  5 bats
  2 endoplasms
  7 giant cockroaches
  9 hobgoblins
  2 jackals (D:4)
  3 quokkas
  2 frilled lizards
  8 goblins
  4 kobolds
  6 rats
75 creatures vanquished.

Notes
Turn   | Place    | Note
-------+----------+-------------------------------------------
     0 | D:1      | ika404 the Vampire Enchanter began the quest for the Orb.
     0 | D:1      | Reached XP level 1. HP: 13/13 MP: 3/3
    86 | D:1      | Reached skill level 2 in Short Blades
   117 | D:1      | Reached XP level 2. HP: 19/19 MP: 5/5
   162 | D:1      | Found a faded altar of an unknown god.
   501 | D:1      | Reached skill level 3 in Short Blades
   505 | D:1      | Learned a level 2 spell: Ensorcelled Hibernation
   953 | D:1      | Identified a scroll of acquirement
   953 | D:1      | Acquired 470 gold pieces
   988 | D:2      | Gained mutation: You are afflicted with vampirism and can
                  | become a bat while bloodless. [Vampire growth]
   988 | D:2      | Reached XP level 3. HP: 24/24 MP: 6/6
  1064 | D:2      | Learned a level 3 spell: Confusing Touch
  1101 | D:2      | You fall into a shaft and drop 1 floor!
  1172 | D:3      | Reached skill level 4 in Short Blades
  1202 | D:3      | Reached XP level 4. HP: 27/30 MP: 7/7
  1368 | D:3      | Noticed Jessica
  1619 | D:2      | Reached skill level 5 in Short Blades
  2168 | D:3      | Identified the +8 flail of Kuyruf {spect, rPois rF+ Dex+3}
  2228 | D:3      | Reached XP level 5. HP: 35/35 MP: 8/8
  2240 | D:3      | Found a stormy altar of Qazlal.
  2609 | D:3      | Found a shimmering blue altar of Sif Muna.
  2993 | D:4      | Noticed Duvessa
  2995 | D:4      | Noticed Dowan
  3031 | D:4      | Killed Dowan
  3032 | D:4      | Reached skill level 6 in Short Blades
  3044 | D:4      | Slain by Duvessa

Illustrated notes

Levels and vault maps discovered:
D:1:      erik_arrival_triangle_small, layout_basic, serial_co_window_serial,
          co_window_paths_a, co_window_paths_a, co_window_of_opportunity_a,
          co_window_paths_a, co_window_paths_a, co_window_paths_b,
          co_window_of_opportunity_a, co_window_broadway_a,
          co_window_of_opportunity_b, co_window_paths_c, co_window_2corner,
          co_window_cross_2, co_window_unsneaky_path_b, glass_columns_a,
          hellmonk_ecumenical_altar_lost_god, minmay_quantized
D:2:      minmay_diamond_boxcup, layout_loops_cross
D:3:      layout_basic, nicolae_qazlal_eye_of_the_storm, tgw_sif
D:4:      layout_gridville, nicolae_ru_great_annihilating_truth,
          minmay_temple_entry_grid, uniq_edmund, uniq_duvessa

Skill      XL: |  1  2  3  4  5 |
---------------+----------------+-----
Short Blades   | 2 3 4 5 6 |  6.4
Dodging        | |  2.1
Stealth        | |  4.4
Spellcasting   | |  2.0
Hexes          | |  4.4

Action                     |  1- 3 |  4- 6 || total
---------------------------+-------+-------++-------
  Melee: Dagger            |    79 |   110 ||   189
         Bite              |     6 |     8 ||    14
   Cast: Confusing Touch   |       |     6 ||     6
    Use: Scroll            |     3 |     3 ||     6
   Stab: Sleeping          |    11 |     8 ||    19
         Confused          |       |     2 ||     2
 Armour: Robe              |    26 |    45 ||    71
  Dodge: Dodged            |    39 |    42 ||    81
